Map: Bastion of the Conclave

Players

Yata

  • Race: Zerg Zerg
  • League: Gold
  • Spawn Location: 12:00

Myhome

  • Race: Terran Terran
  • League: Diamond
  • Spawn Location: 0:00

SHreddedWInd

  • Race: Protoss Protoss
  • League: Diamond
  • Spawn Location: 12:00

MindGamer

  • Race: Protoss Protoss
  • Spawn Location: 6:00

OjStimson

  • Race: Zerg Zerg
  • Spawn Location: 6:00

PandaLove

  • Race: Terran Terran
  • Spawn Location: 6:00

VOD

Have the link to the VOD?

Description

Time

  • Played on: Sept. 4, 2017, 10:02 p.m.
  • Length: 11:53
Show
View Real Time Build Order
Export as new Build Order

Yata Zerg 

Build Orders: Hatch First 

Get SALT Encoding   

  12  0:01  Drone  
  13  0:14  Overlord  
  13  0:29  Drone  
  13  0:32  Drone x2  
  16  0:40  Drone  
  18  0:57  Drone  
  18  0:59  Hatchery  
  18  1:01  Drone  
  18  1:11  Extractor  
  17  1:16  Spawning Pool  
  16  1:18  Drone  
  16  1:22  Drone  
  18  1:33  Drone  
  19  1:45  Overlord  
  19  2:05  Zergling x4  
  21  2:15  Metabolic Boost  
  21  2:17  Zergling x4  
  21  2:22  Queen  
  25  2:23  Zergling x2  
  25  2:29  Spine Crawler  
  25  2:32  Zergling x2  
  25  2:33  Queen  
  28  2:41  Zergling x4, Evolution Chamber  
  29  2:54  Drone  
  29  2:55  Drone, Baneling Nest  
  30  3:06  Drone x3  
  33  3:14  Zerg Melee Weapons Level 1  
  33  3:39  Baneling x2  
  33  3:41  Zergling x6  
  35  3:43  Overlord  
  35  3:44  Overlord  
  36  3:58  Spine Crawler  
  35  4:04  Drone  
  35  4:06  Baneling x2  
  35  4:07  Baneling  
  36  4:15  Queen  
  35  4:29  Zergling x2  
  34  4:38  Zergling x4  
  36  4:40  Overlord x3  
  36  4:45  Pneumatized Carapace  
  36  4:57  Baneling  
  36  4:58  Baneling  
  31  5:04  Spore Crawler  
  31  5:06  Spore Crawler  
  26  5:15  Zergling x8  
  28  5:24  Zergling x4  
  28  5:25  Zergling x2  
  28  5:28  Queen  
  24  5:44  Baneling x4  
  24  5:45  Overlord, Baneling  
  20  6:04  Zergling x6  
  19  6:17  Drone x3  
  16  6:26  Queen  
  16  6:32  Drone  
  19  6:47  Zergling x4  
  19  6:48  Zergling x2  
  22  7:00  Overlord  
  22  7:12  Spore Crawler x2  
  20  7:21  Overlord  
  20  7:24  Drone x2  
  24  8:03  Lair  
  22  8:07  Drone x2  
  22  8:08  Drone x2  
  26  8:18  Drone x3  
  29  8:23  Extractor  
  28  8:31  Spore Crawler  
  27  8:42  Drone x2  
  29  8:51  Drone  
  30  9:03  Overlord  
  30  9:21  Queen  
  32  9:29  Zerg Missile Weapons Level 1  
  26  10:23  Zergling x2  
  26  10:24  Zergling x16  
  35  10:40  Zergling x2  
  36  10:56  Hatchery  
Show
View Real Time Build Order
Export as new Build Order

Myhome Terran 

Build Orders: Reaper Expand 

Get SALT Encoding   

  12  0:01  SCV  
  13  0:13  SCV  
  14  0:18  Supply Depot  
  14  0:25  SCV  
  15  0:40  SCV  
  15  0:41  Barracks  
  16  0:49  Refinery  
  16  0:52  SCV  
  17  1:04  SCV  
  18  1:16  SCV  
  19  1:18  Refinery  
  19  1:28  Supply Depot, Orbital Command  
  19  1:32  Reaper  
  20  2:09  SCV  
  20  2:11  Command Center  
  21  2:26  Marine  
  21  2:28  SCV  
  23  2:32  Factory  
  23  2:41  SCV  
  23  2:44  Marine  
  24  2:49  Barracks  
  25  2:56  SCV  
  26  3:00  Supply Depot  
  25  3:06  Marine  
  25  3:10  SCV  
  27  3:19  Starport  
  27  3:27  Orbital Command  
  27  3:30  Factory Tech Lab  
  27  3:31  Marine  
  28  3:36  Barracks Tech Lab  
  28  3:39  SCV  
  29  3:42  Barracks  
  29  3:49  Marine  
  29  3:55  Siege Tank  
  33  3:57  SCV x2  
  35  4:03  Starport Tech Lab  
  35  4:07  Marine  
  29  4:25  Marine x2  
  31  4:32  SCV x2  
  31  4:36  Starport Tech Lab  
  33  4:46  Marine  
  33  4:52  Orbital Command  
  34  4:56  Marine x2  
  34  4:57  SCV  
  37  5:04  Engineering Bay  
  35  5:08  Marine  
  35  5:11  Raven  
  38  5:19  Starport  
  38  5:23  Starport  
  38  5:30  Recalibrated Explosives  
  38  5:32  Marine x2  
  40  5:41  Missile Turret  
  40  5:46  Marine  
  41  5:50  Missile Turret  
  41  5:58  Marine x2  
  41  6:03  Marine  
  44  6:06  Siege Tank  
  47  6:11  Starport Tech Lab  
  47  6:12  Starport Tech Lab  
  47  6:19  Marine x2  
  47  6:21  SCV x2  
  51  6:28  Marine  
  49  6:37  Marine  
  44  6:46  Raven  
  44  6:53  Marine x2  
  46  6:54  SCV x2  
  46  6:55  Marine  
  49  7:04  Raven  
  49  7:06  SCV x2  
  53  7:09  Refinery  
  53  7:10  Refinery  
  53  7:28  Missile Turret  
  53  7:30  Missile Turret  
  51  7:42  Missile Turret x2  
  51  7:47  Marine x3  
  51  7:48  SCV x2  
  53  7:54  Raven  
  55  8:05  Marine  
  52  8:16  SCV  
  52  8:17  SCV  
  52  8:19  Marine x2  
  56  8:22  Marine  
  49  8:37  Marine x2  
  49  8:38  SCV  
  49  8:39  SCV  
  49  8:40  Raven x2  
  57  8:54  SCV x2  
  59  9:05  Raven  
  59  9:06  SCV  
  59  9:07  SCV  
  63  9:18  SCV  
  63  9:19  SCV  
  63  9:23  Raven  
  67  9:27  Raven  
  69  9:39  Supply Depot  
  69  9:41  Supply Depot  
  69  9:42  Supply Depot  
  69  9:43  SCV  
  70  10:00  Raven, Marine x3  
  70  10:01  SCV  
  70  10:06  Raven  
  78  10:19  SCV x2  
  80  10:23  Raven  
  82  10:32  Marine x3  
  82  10:33  SCV x2  
  87  10:45  Raven  
  89  10:53  Missile Turret  
  89  10:55  Missile Turret  
  89  10:57  Missile Turret  
  89  10:58  Raven  
Show
View Real Time Build Order
Export as new Build Order

SHreddedWInd Protoss 

Build Orders:  

Get SALT Encoding   

  12  0:03  Probe (Chrono Boost)  
  13  0:15  Probe (Chrono Boost)  
  13  0:20  Pylon  
  14  0:27  Probe (Chrono Boost)  
  15  0:38  Gateway  
  15  0:41  Assimilator  
  15  0:44  Probe (Chrono Boost)  
  16  0:55  Probe (Chrono Boost)  
  17  1:05  Probe (Chrono Boost)  
  18  1:16  Probe (Chrono Boost)  
  19  1:26  Cybernetics Core  
  19  1:27  Pylon  
  19  1:30  Probe (Chrono Boost)  
  19  1:31  Assimilator  
  20  1:43  Probe (Chrono Boost)  
  21  1:53  Probe (Chrono Boost)  
  22  2:04  Probe (Chrono Boost)  
  23  2:09  Warp Gate, Stalker  
  23  2:14  Gateway  
  23  2:15  Mothership Core (Chrono Boost)  
  26  2:33  Probe (Chrono Boost)  
  26  2:34  Pylon  
  27  2:48  Stalker  
  29  2:54  Gateway  
  29  2:57  Probe (Chrono Boost)  
  30  3:12  Probe (Chrono Boost)  
  31  3:17  Gateway  
  31  3:25  Gateway  
  31  3:52  Stargate  
  31  4:01  Pylon  
  31  4:17  Stalker x3  
  35  4:33  Stalker x2  
  39  4:39  Phoenix  
  41  4:48  Stargate  
  41  4:55  Stalker  
  41  4:59  Nexus  
  43  5:03  Stalker  
  43  5:05  Sentry  
  47  5:19  Pylon  
  47  5:21  Pylon  
  35  5:38  Stalker x3  
  41  5:52  Stalker x2  
  37  6:19  Stalker x2  
  37  6:20  Stalker  
  37  6:22  Stalker  
  45  6:26  Stalker  
  47  7:00  Stalker x2  
  47  7:01  Stalker x2  
  55  7:20  Nexus  
  55  7:26  Forge  
  55  7:31  Stalker  
  57  7:58  Pylon  
  57  8:00  Photon Cannon  
  57  8:06  Photon Cannon  
  57  8:32  Probe (Chrono Boost)  
  58  8:40  Stalker  
  60  8:42  Stalker  
  60  8:43  Probe (Chrono Boost)  
  63  8:53  Probe (Chrono Boost)  
  64  8:57  Probe (Chrono Boost)  
  65  9:08  Probe (Chrono Boost)  
  65  9:09  Void Ray (Chrono Boost)  
  70  9:28  Stalker  
  70  9:29  Void Ray (Chrono Boost)  
  76  9:35  Photon Cannon  
  80  9:53  Void Ray (Chrono Boost)  
  80  10:11  Void Ray (Chrono Boost)  
  84  10:23  Probe  
  84  10:27  Assimilator  
  85  10:33  Probe  
  85  10:34  Assimilator  
  86  10:39  Pylon  
  86  10:42  Pylon  
  86  10:44  Pylon  
  86  10:56  Probe  
  86  11:03  Void Ray (Chrono Boost)  
  91  11:10  Void Ray (Chrono Boost)  
Show
View Real Time Build Order
Export as new Build Order

MindGamer Protoss 

Build Orders: Phoenix Opening 

Get SALT Encoding   

  12  0:01  Probe (Chrono Boost)  
  13  0:12  Probe (Chrono Boost)  
  14  0:20  Pylon  
  14  0:22  Probe (Chrono Boost)  
  15  0:38  Probe (Chrono Boost)  
  15  0:39  Gateway  
  16  0:46  Assimilator  
  16  0:48  Probe (Chrono Boost)  
  17  0:52  Assimilator  
  17  0:59  Probe (Chrono Boost)  
  18  1:10  Probe (Chrono Boost)  
  19  1:17  Pylon  
  19  1:21  Probe (Chrono Boost)  
  20  1:26  Cybernetics Core  
  20  1:31  Probe (Chrono Boost)  
  21  1:38  Pylon  
  21  1:50  Probe (Chrono Boost)  
  22  2:01  Probe (Chrono Boost)  
  23  2:06  Stargate  
  23  2:09  Stargate  
  23  2:11  Probe (Chrono Boost)  
  24  2:20  Forge  
  25  2:22  Probe (Chrono Boost)  
  25  2:33  Probe (Chrono Boost)  
  26  2:44  Probe (Chrono Boost)  
  27  2:52  Pylon  
  27  2:56  Phoenix (Chrono Boost)  
  31  2:59  Phoenix (Chrono Boost)  
  31  3:10  Photon Cannon  
  31  3:18  Phoenix (Chrono Boost)  
  35  3:29  Phoenix (Chrono Boost)  
  35  3:55  Phoenix (Chrono Boost)  
  37  3:56  Nexus  
  37  3:59  Pylon  
  37  4:06  Phoenix (Chrono Boost)  
  39  4:30  Phoenix (Chrono Boost)  
  41  4:32  Probe  
  41  4:36  Assimilator  
  42  4:40  Assimilator  
  42  4:43  Pylon  
  42  4:44  Probe  
  43  4:46  Phoenix (Chrono Boost)  
  45  4:56  Probe  
  46  5:34  Phoenix (Chrono Boost)  
  50  5:37  Phoenix (Chrono Boost)  
  50  5:41  Probe  
  51  5:42  Probe  
  52  5:52  Probe  
  52  5:55  Photon Cannon, Probe  
  54  5:58  Phoenix (Chrono Boost), Photon Cannon  
  54  6:02  Phoenix (Chrono Boost)  
  62  6:33  Phoenix (Chrono Boost)  
  62  6:36  Phoenix (Chrono Boost)  
  60  6:51  Probe  
  60  6:52  Probe  
  62  6:54  Phoenix (Chrono Boost)  
  62  6:58  Stargate  
  62  7:00  Phoenix (Chrono Boost)  
  66  7:04  Probe  
  66  7:07  Pylon  
  67  7:10  Pylon  
  67  7:13  Pylon  
  67  7:15  Pylon  
  67  7:16  Phoenix (Chrono Boost)  
  67  7:22  Phoenix (Chrono Boost)  
  71  7:23  Protoss Air Weapons Level 1  
  71  7:38  Phoenix (Chrono Boost)  
  73  8:04  Phoenix x2 (Chrono Boost)  
  79  8:07  Phoenix (Chrono Boost)  
  79  8:26  Phoenix x2 (Chrono Boost)  
  81  8:40  Phoenix (Chrono Boost)  
  83  8:47  Phoenix x2 (Chrono Boost)  
  87  8:51  Probe x2  
  89  9:00  Nexus  
  91  9:03  Probe x2  
  91  9:05  Phoenix (Chrono Boost)  
  91  9:09  Phoenix (Chrono Boost)  
  95  9:15  Probe  
  96  9:24  Probe  
  96  9:27  Probe  
  98  9:31  Pylon  
  98  9:33  Pylon, Phoenix x2 (Chrono Boost)  
  98  9:37  Probe  
  103  9:46  Probe  
  103  9:49  Probe  
  105  9:54  Phoenix (Chrono Boost)  
  105  9:57  Phoenix (Chrono Boost)  
  105  9:58  Probe  
  110  10:28  Fleet Beacon  
  110  10:32  Cybernetics Core  
  110  10:42  Stargate, Probe  
  110  10:43  Probe x2  
  110  10:46  Stargate  
  113  10:53  Probe  
  113  10:55  Probe  
  113  10:56  Probe  
  116  10:58  Assimilator  
  116  11:03  Probe  
  116  11:04  Assimilator  
  116  11:08  Probe x2  
Show
View Real Time Build Order
Export as new Build Order

OjStimson Zerg 

Build Orders: Pool First, Swarm Host 

Get SALT Encoding   

  12  0:07  Drone  
  12  0:08  Drone  
  14  0:27  Extractor, Drone  
  14  0:35  Spawning Pool  
  13  0:36  Drone  
  14  0:49  Overlord  
  14  1:07  Drone  
  15  1:22  Zergling x6, Queen  
  20  1:32  Metabolic Boost  
  20  1:34  Zergling x2  
  21  1:45  Zergling x2  
  22  2:07  Hatchery  
  21  2:14  Zergling x2  
  22  2:16  Overlord  
  22  2:34  Queen  
  23  2:50  Zergling x10  
  28  3:00  Zergling x2  
  29  3:18  Overlord  
  29  3:23  Zergling x10  
  34  3:31  Zergling x2  
  35  3:37  Zergling x2  
  36  3:42  Zergling x2  
  36  3:50  Zergling x8  
  36  3:55  Zergling x2  
  41  3:58  Zergling x2  
  34  4:20  Zergling x14  
  32  4:39  Zergling x12  
  38  4:45  Queen  
  38  5:00  Drone x2  
  38  5:01  Drone x2  
  39  5:28  Drone  
  39  5:29  Drone x4  
  44  5:40  Overlord  
  36  6:10  Drone x4  
  36  6:11  Drone x5  
  42  6:12  Evolution Chamber  
  42  6:15  Hatchery  
  37  6:22  Extractor, Drone x2  
  37  6:36  Drone x4  
  37  6:37  Evolution Chamber  
  40  6:44  Zergling x2  
  40  6:45  Zergling x6  
  44  6:58  Lair  
  44  7:01  Overlord  
  44  7:03  Extractor  
  44  7:04  Extractor  
  44  7:05  Drone x2  
  44  7:11  Zerg Missile Weapons Level 1  
  44  7:19  Drone x3  
  44  7:20  Drone x4  
  51  7:31  Drone x3  
  51  7:32  Drone x3  
  51  7:34  Drone  
  58  7:39  Zerg Ground Armor Level 1  
  58  7:51  Overlord x2  
  58  8:05  Extractor, Hydralisk Den  
  56  8:07  Infestation Pit, Extractor, Drone  
  56  8:08  Drone x3  
  56  8:10  Drone x3  
  56  8:11  Drone  
  62  8:21  Drone  
  62  8:22  Drone x5  
  68  8:35  Spine Crawler  
  68  8:36  Hydralisk x3  
  68  8:37  Spine Crawler  
  68  8:41  Hydralisk  
  74  8:59  Spine Crawler  
  74  9:00  Spine Crawler  
  74  9:02  Spine Crawler  
  71  9:04  Spore Crawler  
  71  9:05  Muscular Augments  
  71  9:06  Zerg Missile Weapons Level 2  
  71  9:08  Swarm Host  
  73  9:13  Overlord  
  73  9:19  Spore Crawler, Queen  
  73  9:22  Overlord x2  
  74  9:31  Swarm Host x2  
  74  9:36  Overlord x2  
  80  9:43  Drone x3  
  83  9:45  Drone  
  83  9:48  Swarm Host  
  83  9:49  Swarm Host  
  90  9:53  Swarm Host  
  90  9:55  Swarm Host  
  96  10:14  Swarm Host x5  
  96  10:15  Swarm Host  
  114  10:25  Overlord x2  
  114  10:27  Overlord x2  
  114  10:39  Hive  
  114  10:41  Overlord x2  
  114  10:54  Hydralisk  
  114  10:55  Hydralisk x5  
  114  10:56  Hydralisk x3  
  132  11:04  Hydralisk x3  
  138  11:19  Swarm Host  
  138  11:20  Swarm Host x5  
  162  11:33  Overlord x2  
Show
View Real Time Build Order
Export as new Build Order

PandaLove Terran 

Build Orders: Reaper Expand, Mech 

Get SALT Encoding   

  12  0:01  SCV  
  13  0:13  SCV  
  14  0:18  Supply Depot  
  14  0:25  SCV  
  15  0:29  Refinery  
  15  0:40  SCV  
  16  0:46  Barracks  
  16  0:52  SCV  
  17  1:04  SCV  
  18  1:16  SCV  
  19  1:33  Reaper, Orbital Command  
  20  1:47  Command Center  
  20  1:58  Factory  
  20  2:03  SCV  
  21  2:14  Barracks Reactor  
  21  2:15  SCV  
  21  2:21  Supply Depot  
  22  2:28  Refinery  
  22  2:29  SCV  
  23  2:49  Starport  
  23  2:51  SCV  
  24  3:01  Barracks Tech Lab  
  24  3:07  Orbital Command  
  24  3:09  SCV  
  24  3:12  Engineering Bay  
  25  3:21  SCV  
  25  3:24  Cyclone  
  28  3:34  Cyclone  
  28  3:38  SCV  
  28  3:40  SCV  
  33  3:45  Refinery x2  
  33  3:50  SCV  
  33  3:52  SCV  
  35  4:01  Factory  
  35  4:02  SCV  
  36  4:04  SCV  
  37  4:14  SCV  
  37  4:16  SCV, Missile Turret  
  39  4:19  Missile Turret  
  39  4:21  Cyclone x2  
  45  4:24  Liberator  
  45  4:26  SCV  
  46  4:41  Supply Depot  
  46  4:42  SCV  
  46  4:44  Supply Depot  
  50  4:48  Supply Depot  
  50  4:50  SCV  
  51  4:54  SCV  
  52  5:02  SCV  
  52  5:03  Siege Tank  
  52  5:04  Cyclone  
  59  5:35  Cyclone  
  59  5:36  SCV, Cyclone  
  59  5:37  SCV  
  67  5:55  SCV  
  68  6:04  SCV  
  68  6:07  SCV  
  68  6:08  Siege Tank  
  70  6:12  Liberator  
  70  6:16  Cyclone x2  
  70  6:21  SCV x2  
  69  6:40  Siege Tank  
  69  6:41  Factory  
  69  6:43  Supply Depot  
  69  6:45  Supply Depot, SCV, Command Center  
  73  6:48  Cyclone  
  76  6:58  Supply Depot, Cyclone  
  76  7:00  Supply Depot  
  76  7:09  Factory  
  76  7:11  Factory  
  76  7:12  Siege Tank  
  76  7:14  Starport Reactor  
  79  7:15  SCV  
  79  7:16  SCV  
  81  7:27  Factory Tech Lab  
  81  7:30  Command Center  
  81  7:41  Command Center  
  81  7:45  Armory  
  81  7:48  SCV  
  82  8:05  SCV x2  
  81  8:14  Siege Tank  
  84  8:34  Armory  
  84  8:36  Infernal Pre-Igniter  
  84  8:38  Factory Reactor  
  84  8:39  Factory Tech Lab  
  86  8:41  Hellbat x2  
  86  8:42  Hellbat  
  86  8:46  Siege Tank  
  86  8:47  SCV  
  94  8:53  Planetary Fortress  
  94  8:54  SCV  
  97  9:03  Hellbat, Siege Tank  
  97  9:07  Planetary Fortress  
  97  9:09  SCV  
  101  9:16  SCV  
  102  9:18  Missile Turret  
  102  9:19  Siege Tank, Missile Turret  
  102  9:20  Missile Turret  
  102  9:21  SCV, Missile Turret  
  102  9:23  Terran Vehicle Weapons Level 1  
  106  9:26  Hellbat, Terran Vehicle And Ship Armor Level 1  
  106  9:27  Hellbat x4  
  106  9:28  SCV  
  106  9:31  SCV  
  118  9:33  SCV  
  118  9:35  Hellbat  
  121  9:43  SCV  
  121  9:45  Refinery  
  122  9:47  Widow Mine x2  
  122  9:48  Hellbat x2, Refinery, Siege Tank  
  122  9:51  Hellbat  
  135  9:52  Refinery  
  135  9:53  Refinery  
  135  9:55  SCV, Planetary Fortress  
  136  10:01  Refinery  
  136  10:03  Refinery, Missile Turret  
  136  10:04  Missile Turret  
  136  10:07  SCV  
  136  10:12  Missile Turret  
  137  10:24  Widow Mine x2, Siege Tank x2  
  137  10:25  Hellbat  
  137  10:27  Missile Turret  
  149  10:34  Widow Mine, Siege Tank  
  154  10:49  SCV  
  155  10:53  Missile Turret  
  155  10:56  Supply Depot, Missile Turret x2  
  155  10:59  Supply Depot  
  155  11:00  Supply Depot x2, Missile Turret  
  155  11:03  Supply Depot  
  155  11:17  Hellbat, SCV, Missile Turret  
  155  11:18  Hellbat  
  160  11:22  Widow Mine, Missile Turret  
  168  11:29  SCV  
  176  11:48  Missile Turret  
Tags
 
Add a new tag
Caveats
  • Supply blocks, unpowered buildings, or Contaminate may cause inaccurate times.
  • Supply counts are checked every 10 seconds.